TOP OF THE 1ST |
San Francisco Bandits batting - Pitching for Birmingham Steeldogs : RHP Barton Johnson
|
Pitching: RHP Barton Johnson
|
|
Batting: RHB Pete Rideout
|
0-0: Swinging Strike 0-1: Ball 1-1: Ball 2-1: Ground out 6-3 (Groundball, 6)
|
Batting: LHB Jerry Bryan
|
0-0: Ball 1-0: Called Strike 1-1: Foul Ball, location: 2F 1-2: Foul Ball, location: 2F 1-2: Fly out, F9 (Flyball, 9D)
|
Batting: RHB Jorge Morales
|
0-0: DOUBLE (Flyball, 78XD)
|
Pinch Runner at 2nd Emílio Bruno:
|
|
Batting: RHB Michael Elliott
|
0-0: Ball 1-0: Swinging Strike 1-1: Ball 2-1: Foul Ball, location: 2F 2-2: Foul Ball, location: 2F 2-2: Foul Ball, location: 2F 2-2: Strikes out swinging
|
Top of the 1st over - 0 run(s), 1 hit(s), 0 error(s), 1 left on base; San Francisco 0 - Birmingham 0 |
BOTTOM OF THE 1ST |
Birmingham Steeldogs batting - Pitching for San Francisco Bandits : RHP Kunihiko Daikawa
|
Pitching: RHP Kunihiko Daikawa
|
|
Now in LF: Emílio Bruno
|
|
Batting: RHB Nick Webb
|
0-0: Ball 1-0: Foul Ball, location: 2F 1-1: Ball 2-1: Ball 3-1: Foul Ball, location: 2F 3-2: Base on Balls
|
Batting: LHB José Sánchez
|
0-0: Ball 1-0: Reached on error, E5 (Groundball, 56) Nick Webb to third
|
Batting: LHB Chris Miller
|
0-0: Called Strike 0-1: Ball 1-1: Fly out, F9 (Flyball, 9S)
|
Batting: LHB Arturo Molina
|
0-0: DOUBLE (Flyball, 7LD) Nick Webb scores José Sánchez scores
|
Batting: RHB Eric Johnson
|
0-0: Swinging Strike 0-1: 2-RUN HOME RUN (Line Drive, 7LD), Distance : 357 ft
|
Batting: RHB Raúl Soto
|
0-0: SINGLE (Groundball, 56D)
|
Batting: LHB Ben Kelley
|
0-0: Called Strike 0-1: Swinging Strike 0-2: Foul Ball, location: 2F 0-2: Foul Ball, location: 2F 0-2: Ball 1-2: Foul Ball, location: 2F 1-2: DOUBLE (Line Drive, 78M) Raúl Soto to third
|
Batting: RHB Lorenzo Martínez
|
0-0: Ball Wild Pitch! Raúl Soto scores Ben Kelley to third 1-0: Swinging Strike 1-1: Ball 2-1: SINGLE (Groundball, 15S) (infield hit) Ben Kelley scores
|
Batting: LHB José Martínez
|
0-0: Ball 1-0: Grounds into double play, 5-4-3 (Groundball, 56)
|
Bottom of the 1st over - 6 run(s), 5 hit(s), 1 error(s), 0 left on base; San Francisco 0 - Birmingham 6 |
TOP OF THE 2ND |
San Francisco Bandits batting - Pitching for Birmingham Steeldogs : RHP Barton Johnson
|
Batting: RHB Cory Foster
|
0-0: Ball 1-0: SOLO HOME RUN (Flyball, 8LXD), Distance : 430 ft
|
Batting: LHB Francisco Calderón
|
0-0: Called Strike 0-1: Hit by Pitch
|
Batting: RHB Javier Ramírez
|
0-0: Called Strike 0-1: Reached on error, E4 (Groundball, 34S) Francisco Calderón to third
|
Batting: SHB Vicente Ricks
|
0-0: Ball 1-0: Called Strike 1-1: Ball 2-1: Ball 3-1: Fly out, F8 (Flyball, 8LM) Runner from 3rd tags up, SCORES, throw made
|
Batting: RHB Bob Orr
|
0-0: Ball 1-0: Called Strike 1-1: Ball 2-1: Ground out 4-3 (Groundball, 4M) Javier Ramírez to third
|
Batting: RHB Pete Rideout
|
0-0: Ball 1-0: Called Strike 1-1: Ground out 6-3 (Groundball, 56)
|
Top of the 2nd over - 2 run(s), 1 hit(s), 1 error(s), 1 left on base; San Francisco 2 - Birmingham 6 |
BOTTOM OF THE 2ND |
Birmingham Steeldogs batting - Pitching for San Francisco Bandits : RHP Kunihiko Daikawa
|
Batting: RHB Nick Webb
|
0-0: Foul Ball, location: 2F 0-1: Ball 1-1: Foul Ball, location: 2F 1-2: Ball 2-2: Foul Ball, location: 2F 2-2: Ball 3-2: Ground out 1-3 (Groundball, 15)
|
Batting: LHB José Sánchez
|
0-0: Foul Ball, location: 2F 0-1: Ball 1-1: Ball 2-1: Foul Ball, location: 2F 2-2: Ground out 4-3 (Groundball, 34)
|
Batting: LHB Chris Miller
|
0-0: Ball 1-0: Swinging Strike 1-1: Ball 2-1: Ground out 6-3 (Groundball, 6M)
|
Bottom of the 2nd over - 0 run(s), 0 hit(s), 0 error(s), 0 left on base; San Francisco 2 - Birmingham 6 |
TOP OF THE 3RD |
San Francisco Bandits batting - Pitching for Birmingham Steeldogs : RHP Barton Johnson
|
Batting: LHB Jerry Bryan
|
0-0: Ball 1-0: Ground out 3-1 (Groundball, 3L)
|
Batting: RHB Emílio Bruno
|
0-0: Called Strike 0-1: Ball 1-1: Swinging Strike 1-2: Fly out, F9 (Flyball, 9M)
|
Batting: RHB Michael Elliott
|
0-0: Called Strike 0-1: Ball 1-1: SOLO HOME RUN (Flyball, 8LXD), Distance : 427 ft
|
Batting: RHB Cory Foster
|
0-0: Foul Ball, location: 2F 0-1: Ball 1-1: Foul Ball, location: 2F 1-2: Foul Ball, location: 2F 1-2: Foul Ball, location: 2F 1-2: Fly out, F4 (Popup, 4D)
|
Top of the 3rd over - 1 run(s), 1 hit(s), 0 error(s), 0 left on base; San Francisco 3 - Birmingham 6 |
BOTTOM OF THE 3RD |
Birmingham Steeldogs batting - Pitching for San Francisco Bandits : RHP Kunihiko Daikawa
|
Batting: LHB Arturo Molina
|
0-0: Ball 1-0: Called Strike 1-1: Ball 2-1: Ball 3-1: Foul Ball, location: 2F 3-2: SINGLE (Flyball, 8LS)
|
Batting: RHB Eric Johnson
|
0-0: Ball 1-0: Swinging Strike 1-1: Ground out 3-1 (Groundball, 34) Arturo Molina to second
|
Batting: RHB Raúl Soto
|
0-0: Ground out U3 (Groundball, 3S) Arturo Molina to third
|
Batting: LHB Ben Kelley
|
0-0: Called Strike 0-1: Ball 1-1: Fly out, F7 (Flyball, 78D)
|
Bottom of the 3rd over - 0 run(s), 1 hit(s), 0 error(s), 1 left on base; San Francisco 3 - Birmingham 6 |
TOP OF THE 4TH |
San Francisco Bandits batting - Pitching for Birmingham Steeldogs : RHP Barton Johnson
|
Batting: LHB Francisco Calderón
|
0-0: Called Strike 0-1: Ball 1-1: Foul Ball, location: 2F 1-2: Fly out, F8 (Flyball, 8RXD)
|
Batting: RHB Javier Ramírez
|
0-0: Called Strike 0-1: Ball 1-1: Called Strike 1-2: Strikes out looking
|
Batting: SHB Vicente Ricks
|
0-0: SINGLE (Flyball, 7LS)
|
Batting: RHB Bob Orr
|
0-0: Ground out 1-3 (Groundball, 13)
|
Top of the 4th over - 0 run(s), 1 hit(s), 0 error(s), 1 left on base; San Francisco 3 - Birmingham 6 |
BOTTOM OF THE 4TH |
Birmingham Steeldogs batting - Pitching for San Francisco Bandits : RHP Kunihiko Daikawa
|
Pitching: RHP Tim Lyons
|
|
Batting: RHB Lorenzo Martínez
|
0-0: Foul Ball, location: 2F 0-1: Ball 1-1: SINGLE (Line Drive, 6MD)
|
Batting: LHB José Martínez
|
0-0: Swinging Strike 0-1: Ground out 4-3 (Groundball, 4M) Lorenzo Martínez to second
|
Batting: RHB Nick Webb
|
0-0: Ball 1-0: Foul Ball, location: 2F 1-1: Ground out 1-3 (Groundball, 13S) Lorenzo Martínez to third
|
Batting: LHB José Sánchez
|
0-0: Ball 1-0: Called Strike 1-1: Ball 2-1: Foul Ball, location: 2F 2-2: Ball 3-2: DOUBLE (Flyball, 7LD) Lorenzo Martínez scores
|
Batting: LHB Chris Miller
|
0-0: Ball 1-0: Ball 2-0: Ball 3-0: Ground out 3-1 (Groundball, 34)
|
Bottom of the 4th over - 1 run(s), 2 hit(s), 0 error(s), 1 left on base; San Francisco 3 - Birmingham 7 |
TOP OF THE 5TH |
San Francisco Bandits batting - Pitching for Birmingham Steeldogs : RHP Barton Johnson
|
Batting: RHB Pete Rideout
|
0-0: Called Strike 0-1: Ball 1-1: Foul Ball, location: 2F 1-2: Strikes out swinging
|
Batting: LHB Jerry Bryan
|
0-0: Ball 1-0: Fly out, F7 (Flyball, 78D)
|
Batting: RHB Emílio Bruno
|
0-0: Ground out 6-3 (Groundball, 6)
|
Top of the 5th over - 0 run(s), 0 hit(s), 0 error(s), 0 left on base; San Francisco 3 - Birmingham 7 |
BOTTOM OF THE 5TH |
Birmingham Steeldogs batting - Pitching for San Francisco Bandits : RHP Tim Lyons
|
Batting: LHB Arturo Molina
|
0-0: SINGLE (Groundball, 34D)
|
Batting: RHB Eric Johnson
|
0-0: SINGLE (Groundball, 4D) Arturo Molina to second Runner from 2nd tries for 3rd, SAFE, throw made to third
|
Batting: RHB Raúl Soto
|
0-0: Ball 1-0: Fly out, F8 (Flyball, 8RS)
|
Batting: LHB Ben Kelley
|
0-0: Fly out, F6 (Popup, 6M)
|
Batting: RHB Lorenzo Martínez
|
0-0: Ball 1-0: Ball 2-0: Called Strike 2-1: Ball 3-1: Base on Balls Eric Johnson to second
|
Batting: LHB José Martínez
|
0-0: Called Strike 0-1: Ground out 5-3 (Groundball, 5)
|
Bottom of the 5th over - 0 run(s), 2 hit(s), 0 error(s), 3 left on base; San Francisco 3 - Birmingham 7 |
TOP OF THE 6TH |
San Francisco Bandits batting - Pitching for Birmingham Steeldogs : RHP Barton Johnson
|
Batting: RHB Michael Elliott
|
0-0: Called Strike 0-1: Ground out 6-3 (Groundball, 6)
|
Batting: RHB Cory Foster
|
0-0: Called Strike 0-1: Ball 1-1: Ground out 5-3 (Groundball, 5S)
|
Batting: LHB Francisco Calderón
|
0-0: Foul Ball, location: 2F 0-1: Swinging Strike 0-2: Strikes out swinging
|
Top of the 6th over - 0 run(s), 0 hit(s), 0 error(s), 0 left on base; San Francisco 3 - Birmingham 7 |
BOTTOM OF THE 6TH |
Birmingham Steeldogs batting - Pitching for San Francisco Bandits : RHP Tim Lyons
|
Batting: RHB Nick Webb
|
0-0: Foul Ball, location: 2F 0-1: Fly out, F8 (Flyball, 8RM)
|
Batting: LHB José Sánchez
|
0-0: Ball 1-0: Swinging Strike 1-1: SINGLE (Flyball, 7LM)
|
Batting: LHB Chris Miller
|
0-0: Foul Ball, location: 2F 0-1: Ground out 3-1 (Groundball, 34) José Sánchez to second
|
Batting: LHB Arturo Molina
|
0-0: Called Strike 0-1: Ball 1-1: Ball 2-1: Ball 3-1: Base on Balls
|
Batting: RHB Eric Johnson
|
0-0: Ball 1-0: Called Strike 1-1: Swinging Strike 1-2: Strikes out swinging
|
Bottom of the 6th over - 0 run(s), 1 hit(s), 0 error(s), 2 left on base; San Francisco 3 - Birmingham 7 |
TOP OF THE 7TH |
San Francisco Bandits batting - Pitching for Birmingham Steeldogs : RHP Barton Johnson
|
Batting: RHB Javier Ramírez
|
0-0: Called Strike 0-1: Foul Ball, location: 2F 0-2: Ground out 6-3 (Groundball, 6M)
|
Batting: SHB Vicente Ricks
|
0-0: Ball 1-0: Ball 2-0: Ball 3-0: Called Strike 3-1: Ground out 2-3 (Groundball, 2R)
|
Batting: RHB Bob Orr
|
0-0: Ball 1-0: Foul Ball, location: 2F 1-1: Ball 2-1: Foul Ball, location: 2F 2-2: Ball 3-2: Foul Ball, location: 2F 3-2: Foul Ball, location: 2F 3-2: Ground out 4-3 (Groundball, 4)
|
Top of the 7th over - 0 run(s), 0 hit(s), 0 error(s), 0 left on base; San Francisco 3 - Birmingham 7 |
BOTTOM OF THE 7TH |
Birmingham Steeldogs batting - Pitching for San Francisco Bandits : RHP Tim Lyons
|
Pitching: RHP Carlos Ruíz
|
|
Batting: RHB Raúl Soto
|
0-0: Fly out, F6 (Line Drive, 56D)
|
Batting: LHB Ben Kelley
|
0-0: Ball 1-0: Foul Ball, location: 2F 1-1: Foul Ball, location: 2F 1-2: Ball 2-2: Strikes out swinging
|
Batting: RHB Lorenzo Martínez
|
0-0: Ball 1-0: Ball 2-0: Fly out, F4 (Popup, 4D)
|
Bottom of the 7th over - 0 run(s), 0 hit(s), 0 error(s), 0 left on base; San Francisco 3 - Birmingham 7 |
TOP OF THE 8TH |
San Francisco Bandits batting - Pitching for Birmingham Steeldogs : RHP Barton Johnson
|
Batting: RHB Pete Rideout
|
0-0: Foul Ball, location: 2F 0-1: Foul Ball, location: 2F 0-2: Ground out 6-3 (Groundball, 6)
|
Batting: LHB Jerry Bryan
|
0-0: Ball 1-0: Ball 2-0: Ball 3-0: Called Strike 3-1: Ground out 4-3 (Groundball, 4S)
|
Batting: RHB Emílio Bruno
|
0-0: Ball 1-0: Fly out, F5 (Popup, 5DF)
|
Top of the 8th over - 0 run(s), 0 hit(s), 0 error(s), 0 left on base; San Francisco 3 - Birmingham 7 |
BOTTOM OF THE 8TH |
Birmingham Steeldogs batting - Pitching for San Francisco Bandits : RHP Carlos Ruíz
|
Batting: LHB José Martínez
|
0-0: Called Strike 0-1: Ball 1-1: Fly out, F8 (Flyball, 8LD)
|
Batting: RHB Nick Webb
|
0-0: Foul Ball, location: 2F 0-1: Ball 1-1: Ball 2-1: Fly out, F8 (Flyball, 78M)
|
Batting: LHB José Sánchez
|
0-0: Fly out, F6 (Popup, 5DF)
|
Bottom of the 8th over - 0 run(s), 0 hit(s), 0 error(s), 0 left on base; San Francisco 3 - Birmingham 7 |
TOP OF THE 9TH |
San Francisco Bandits batting - Pitching for Birmingham Steeldogs : RHP Barton Johnson
|
Batting: RHB Michael Elliott
|
0-0: Called Strike 0-1: Called Strike 0-2: Ball 1-2: Strikes out looking
|
Batting: RHB Cory Foster
|
0-0: Foul Ball, location: 2F 0-1: Foul Ball, location: 2F 0-2: Ball 1-2: Fly out, F8 (Flyball, 8RS)
|
Batting: LHB Francisco Calderón
|
0-0: Ball 1-0: Called Strike 1-1: Called Strike 1-2: Ball 2-2: Strikes out swinging
|
Top of the 9th over - 0 run(s), 0 hit(s), 0 error(s), 0 left on base; San Francisco 3 - Birmingham 7 |
|